 Dungeon Crawl Stone Soup version 0.30.1-11-g7821555f0a (webtiles) character file.

Game seed: 11867033579169949629

1481 lonewolfV2 the Ducker (level 9, -2/106 HPs)
             Began as a Formicid Fighter on Nov 9, 2023.
             Was a Believer of Okawaru.
             Succumbed to Dowan's poison
             ... on level 5 of the Dungeon.
             The game lasted 00:08:55 (6053 turns).

lonewolfV2 the Ducker (Formicid Fighter)            Turns: 6053, Time: 00:08:55

Health: -2/106     AC: 24    Str: 26    XL:     9   Next: 7%
Magic:  12/12      EV:  2    Int:  7    God:    Okawaru [**....]
Gold:   305        SH:  6    Dex: 13    Spells: 8/8 levels left

rFire   . . .        p - +0 war axe (vamp)
rCold   . . .        c - +0 buckler
rNeg    . . .        b - melded +0 scale mail
rPois   +            (helmet unavailable)
rElec   .            (cloak currently unavailable)
rCorr   .            (gloves currently unavailable)
SInv    .            m - melded +1 pair of boots
Will    .....        k - amulet of magic regeneration
Stlth   +++          (no ring)
HPRegen 0.37/turn    (no ring)
MPRegen 0.53/turn

%: no passive effects
@: mighty, lethally poisoned (-2 -> -9), tree-form, heroic
A: stationary, stasis, torment immunity, boosted hp, permanent stasis, dig
shafts and tunnels, (antennae 3), four strong arms
a: Renounce Religion, Heroism


You were on level 5 of the Dungeon.
You worshipped Okawaru.
Okawaru was pleased with you.
You were a tree.
You visited 2 branches of the dungeon, and saw 6 of its levels.

You collected 305 gold pieces.

Inventory:

Hand Weapons
 a - a +0 war axe
 p - a +0 vampiric war axe (weapon)
Armour
 b - a +0 scale mail (melded)
 c - a +0 buckler (worn)
 m - a +1 pair of boots (melded)
Jewellery
 k - an amulet of magic regeneration (around neck)
Scrolls
 h - a scroll of identify
 i - 2 scrolls of amnesia {unknown}
 n - a scroll of enchant weapon {unknown}
 o - 2 scrolls of fog {unknown}
Potions
 e - a potion of brilliance
 f - 2 potions of attraction
 g - a potion of mutation
 j - 2 potions of degeneration
 l - a potion of lignification


   Skills:
 + Level 6.7(11.7) Fighting
 - Level 2.0(7.0) Axes
 - Level 4.7(9.7) Armour
 * Level 6.7(11.7) Dodging
 - Level 4.0(9.0) Shields
 + Level 4.8 Invocations


You had 8 spell levels left.
You didn't know any spells.
Your spell library contained the following spells:

 Spells                   Type           Power      Damage    Failure   Level
 Apportation              Tloc           0%         N/A       45%         1
 Magic Dart               Conj           0%         1d3       45%         1
 Searing Ray              Conj           0%         2d4       61%         2
 Inner Flame              Hex/Fire       0%         N/A       83%         3
 Mephitic Cloud           Conj/Pois/Air  0%         N/A       83%         3
 Flame Wave               Conj/Fire      0%         2d4       99%         4
 Fulminant Prism          Conj/Hex       0%         3d5       99%         4
 Sticky Flame             Conj/Fire      0%         2d3       99%         4
 Alistair's Intoxication  Tmut/Pois      0%         N/A       100%        5
 Fireball                 Conj/Fire      0%         3d3       100%        5
 Iskenderun's Battlesphe  Conj           0%         2d6       100%        5
 Conjure Ball Lightning   Conj/Air       0%         3x3d6     100%        6
 Orb of Destruction       Conj           0%         9d5       100%        7
 Call Imp                 Summ           Unusable   N/A       N/A         2

Dungeon Overview and Level Annotations

Branches:
Dungeon (5/15)             Temple (1/1) D:4

Altars:
Elyvilon
Hepliaklqana
Kikubaaqudgha
Makhleb
Okawaru
Qazlal
Sif Muna
Vehumet
Wu Jian
The Shining One

Shops:
D:2 (:(

Annotations:
D:4 2 transporters, middlethird's ghost, amateur VSEE
D:5 Duvessa


Innate Abilities, Weirdness & Mutations

You are a tree.
Your roots penetrate the ground, keeping you stationary.
You cannot be teleported.
You are immune to unholy pain and torment.
Your maximum health is greatly increased.
Your equipment is partially melded.
You cannot be hasted, slowed, berserked, paralysed or teleported.
You can dig through walls and to a lower floor.
((You have a pair of large antennae on your head. (SInv)))
Your four strong arms can wield two-handed weapons with a shield.


Message History

Duvessa hits you with a +0 short sword.
Dowan points at Duvessa and mumbles some strange words.
Duvessa seems to speed up.
You feel very mighty all of a sudden.
You feel very sick. Duvessa hits you with a +0 short sword!
* * * LOW HITPOINT WARNING * * *
Dowan hits you with a +0 dagger of venom.
* * * LOW HITPOINT WARNING * * *
You are lethally poisoned!
You gain the combat prowess of a mighty hero.
* * * LOW HITPOINT WARNING * * *
You feel very sick. Duvessa completely misses you. You block Dowan's attack.
Duvessa barely misses you.
It was a potion of lignification.
You turn into a tree.
Your +1 pair of boots melds into your body.
Your +0 scale mail melds into your body.
Your roots penetrate the ground.
* * * LOW HITPOINT WARNING * * *
You feel very sick. You block Duvessa's attack.
Dowan hits you but does no damage.
Okay, then.
You slash Dowan!
You feel better.
You kill Dowan!
Okawaru accepts your kill.
Duvessa screams, "No!
How DARE you!"
Duvessa goes berserk!
You hit Duvessa.
You feel better.
* * * LOW HITPOINT WARNING * * *
You feel very sick. Duvessa hits you but does no damage.
Duvessa hits you with a +0 short sword!
* * * LOW HITPOINT WARNING * * *
You slash Duvessa!
Duvessa is moderately wounded.
* * * LOW HITPOINT WARNING * * *
You feel very sick. Duvessa barely misses you.
Duvessa hits you but does no damage.
You closely miss Duvessa.
Duvessa is moderately wounded.
You die...

#.####.# #... .....$# ####.# #...
..... +....' .... ..... #....# #
?.. .....#######.###
..###'###'##......##.#..
...........+......#..#..
........e..#......'..#..
......)♣...#......#..#..
###########.######..#......####..
..........########..#............
..........#.........#............
..........#.........#............
..........#.........#............
..........#.........'........>...
..........#.##############.......
#'#....#'###########.....#...####


You could see Duvessa (berserk, fast).

Vanquished Creatures
  A sky beast (D:4)
  An ice beast (D:5)
  An ogre (D:5)
  A kobold brigand (D:5)
  A bullfrog (D:4)
  4 scorpions (D:5)
  3 wights (D:5)
  Dowan (D:5)
  A howler monkey (D:5)
  2 gnoll boudas (D:5)
  2 hounds (D:5)
  3 iguanas
  4 orc wizards (D:5)
  Natasha (thrice) (D:4)
  9 gnolls
  8 adders
  A shadow imp (D:4)
  A white imp (D:5)
  2 worms
  A dart slug (D:5)
  10 orcs
  5 endoplasms
  5 giant cockroaches
  8 goblins
  5 hobgoblins
  9 kobolds
  4 quokkas
  7 ball pythons
  7 bats
  A rat (D:3)
111 creatures vanquished.

Notes
Turn   | Place    | Note
-------+----------+-------------------------------------------
     0 | D:1      | lonewolfV2 the Formicid Fighter began the quest for the
                  | Orb.
     0 | D:1      | Reached XP level 1. HP: 18/18 MP: 1/1
    47 | D:1      | Reached skill level 1 in Dodging
    47 | D:1      | Reached XP level 2. HP: 3/24 MP: 2/2
   230 | D:1      | Reached XP level 3. HP: 25/29 MP: 3/3
  1027 | D:2      | Found Hith's Weapon Shop.
  1066 | D:2      | Reached XP level 4. HP: 37/37 MP: 4/4
  1093 | D:2      | You fall into a shaft and drop 2 floors!
  1111 | D:4      | Found a staircase to the Ecumenical Temple.
  1124 | Temple   | Entered the Ecumenical Temple
  1130 | Temple   | Became a worshipper of Warmaster Okawaru
  1157 | D:4      | Found a transporter.
  1160 | D:4      | Found a transporter.
  1160 | D:4      | Noticed middlethird's ghost (amateur VSEE)
  1160 | D:4      | Noticed a steam dragon
  1360 | D:2      | Found Acuepuna's Book Shoppe.
  1468 | D:2      | Found Torphasch's Antique Weapon Shoppe.
  1827 | D:3      | Found a white marble altar of Elyvilon.
  2269 | D:3      | Reached XP level 5. HP: 42/42 MP: 5/5
  2809 | D:4      | Noticed a bullfrog
  2820 | D:4      | Killed a bullfrog
  2820 | D:4      | Reached * piety under Okawaru
  2851 | D:4      | Noticed a sky beast
  2863 | D:4      | Killed a sky beast
  2864 | D:4      | Reached XP level 6. HP: 44/49 MP: 6/6
  2895 | D:4      | Noticed Natasha
  2900 | D:4      | Killed Natasha
  3105 | D:4      | Noticed Natasha
  3110 | D:4      | Killed Natasha
  3152 | D:4      | Noticed Natasha
  3155 | D:4      | Killed Natasha
  3263 | D:4      | Reached ** piety under Okawaru
  3264 | D:4      | Reached skill level 1 in Invocations
  3264 | D:4      | Reached XP level 7. HP: 14/55 MP: 7/7
  3691 | D:5      | Entered Level 5 of the Dungeon
  3697 | D:5      | Reached skill level 5 in Fighting
  4155 | D:5      | Reached skill level 5 in Dodging
  4155 | D:5      | Reached XP level 8. HP: 35/63 MP: 8/10
  4478 | D:5      | HP: 3/64 [kobold brigand/+0 whip (8)]
  5377 | D:5      | Reached *** piety under Okawaru
  5585 | D:5      | HP: 2/65 [gnoll/+0 halberd (12)]
  5823 | D:5      | Found an ornate altar of the Wu Jian Council.
  5866 | D:5      | Reached XP level 9. HP: 64/71 MP: 12/12
  6037 | D:5      | Noticed Duvessa
  6037 | D:5      | Noticed Dowan
  6051 | D:5      | Killed Dowan
  6051 | D:5      | HP: 3/106 [Duvessa/+0 short sword (7)]
  6052 | D:5      | HP: 1/106 [poisoned by Dowan]
  6053 | D:5      | Succumbed to Dowan's poison

Illustrated notes

Levels and vault maps discovered:
D:1:      lightli_molten_gateway, layout_basic, st_stairs_3,
          amcnicky_mini_pool_small
D:2:      layout_loops_ring, serial_glass, glass_columns_c, glass_columns_a,
          glass_columns_c, glass_columns_a, glass_columns_b, glass_columns_a,
          glass_columns_c, glass_columns_b, glass_columns_c, glass_columns_a,
          glass_columns_a, glass_columns_a, glass_columns_a, glass_columns_b,
          serial_shops, shop, nicolae_shop_bloodbath_and_beyond,
          nicolae_shop_behind_doors, minmay_misc_feat_encased
D:3:      layout_basic, mainiacjoe_overflow_brackets,
          chequers_serial_rivers_marsh, st_stairs_8
D:4:      layout_loops_ring, minmay_temple_entry_offerings,
          gammafunk_ghost_arena, uniq_natasha
D:5:      minmay_clustersquares, layout_gridville,
          nicolae_wu_jian_glorious_leap, uniq_duvessa
Temple:   cyrus_circular_temple

Skill      XL: |  1  2  3  4  5  6  7  8 |
---------------+-------------------------+-----
Dodging        | 1 2 3 4 5 6 |  6.7
Fighting       | 4 5 6 |  6.7
Armour         | 4 |  4.7
Invocations    | 1 2 4 |  4.8
Axes           | |  2.0
Shields        | |  4.0

Action                     |  1- 3 |  4- 6 |  7- 9 || total
---------------------------+-------+-------+-------++-------
  Melee: War axe           |    77 |   155 |   224 ||   456
 Invoke: Heroism           |       |       |     4 ||     4
Ability: Dig               |       |       |     1 ||     1
    Use: Scroll            |     5 |     5 |     1 ||    11
         Potion            |       |       |     6 ||     6
 Armour: Scale mail        |    42 |    73 |   110 ||   225
         Skin              |       |       |     3 ||     3
  Dodge: Dodged            |    49 |    95 |   159 ||   303
  Block: Buckler           |    31 |    38 |    65 ||   134
